Coyotes vs Senateurs
(R1)
Created - May 16, 2017 at 19:25
Goals
|
| Coyotes |
0 |
2 |
1 |
3 |
| Senateurs |
0 |
1 |
4 |
5 |
|
Shots
|
| Coyotes |
14 |
11 |
11 |
36 |
| Senateurs |
12 |
7 |
10 |
29 |
|
1st period
No Goal
Penalties :
Anton Stralman (Ari) for Hooking (Minor) at 7:10, Brenden Morrow (Ott) for Slashing (Minor) at 12:05, Brenden Morrow (Ott) for Holding (Minor) at 14:40, Zach Parise (Ari) for Hooking (Minor) at 18:53
2nd period
1. Coyotes , Eric Brewer 8 (Zach Parise 39, Kristopher Letang 36) at 3:27
2. Coyotes , Maxim Talbot 15 (Brent Sopel 14) at 10:24
3. Senateurs , Darcy Hordichuk 19 (Mike Fisher 16, George Parros 13) at 15:40
Penalties :
Thomas Vanek (Ott) for Roughing (Minor) at 8:17, Milan Hejduk (Ott) for Tripping (Minor) at 12:14, Enver Lisin (Ari) for Holding (Minor) at 17:05
3rd period
4. Coyotes , Nazem Kadri 23 (Kristopher Letang 37) at 1:46
5. Senateurs , Brad Richards 25 (Brenden Morrow 28, B.J. Crombeen 30) at 2:46
6. Senateurs , Dan Hamhuis 12 (Gilbert Brule 66, Thomas Vanek 42) at 4:09 (PP)
7. Senateurs , Cody Hodgson 1 (Vitaly Vishnevsky 19, Milan Hejduk 11) at 8:26
8. Senateurs , Brad Richards 26 (Thomas Vanek 43, Kurtis Foster 41) at 19:33 (Empty Net)
Penalties :
Nazem Kadri (Ari) for Diving (Minor) at 3:51, Gilbert Brule (Ott) for Cross-checking (Minor) at 5:30, Milan Hejduk (Ott) for Hooking (Minor) at 9:18, Maxim Talbot (Ari) for Hooking (Minor) at 13:37, Vladimir Mihalik (Ott) for Roughing (Minor) at 17:23, Darcy Hordichuk (Ott) for Roughing (Minor) at 19:56
Goalie Stats
Adam Munro (Ari), 24 saves from 28 shots - (0.857), L, 3-1-0, 59:25 minutes
Ondrej Pavelec (Ott), 33 saves from 36 shots - (0.917), W, 29-22-6, 60:00 minutes
Players Stats for Coyotes
Player Name G A P +/- PIM S H SB GA TA FO MP PP MP PK MP
------------------------------------------------------------------------------------
Anton Stralman 0 0 0 -2 2 2 0 1 1 1 0/0 21:36 5:22 3:44
Brent Sopel 0 1 1 0 0 1 1 3 1 0 0/0 18:48 8:19 0:11
Brooks Laich 0 0 0 -1 0 0 2 1 0 0 5/5 9:24 0:32 0:00
Chris Stewart 0 0 0 0 0 3 1 0 1 0 0/0 15:05 6:17 0:00
Enver Lisin 0 0 0 1 2 1 1 0 0 0 0/1 7:05 0:00 0:00
Eric Brewer 1 0 1 1 0 1 1 0 0 2 0/0 18:57 0:15 3:36
Georges Laraque 0 0 0 -1 0 1 2 0 0 0 0/1 11:36 0:00 2:55
Josh Gorges 0 0 0 -2 0 1 0 4 0 0 0/0 21:00 5:22 3:36
Kristopher Letang 0 2 2 2 0 3 2 1 0 1 0/0 24:34 8:34 0:43
Marian Gaborik 0 0 0 -1 0 3 2 0 1 1 1/1 20:03 7:39 0:00
Martin Samuelsson 0 0 0 1 0 1 0 2 1 0 0/0 11:47 0:00 5:05
Maxim Talbot 1 0 1 1 2 4 0 0 0 0 5/10 10:45 0:14 3:50
Nazem Kadri 1 0 1 0 2 3 1 0 0 0 4/9 17:49 6:17 1:29
Ramzi Abid 0 0 0 0 0 3 0 1 0 0 3/4 11:38 0:00 2:55
Toni Lydman 0 0 0 -1 0 0 0 1 0 1 0/0 15:51 0:00 4:38
Tyler Ennis 0 0 0 -1 0 2 4 0 2 0 0/0 15:03 6:17 0:00
Vincent Lecavalier 0 0 0 -1 0 3 4 0 0 0 21/34 19:49 7:25 0:00
Zach Parise 0 1 1 -1 2 4 1 1 1 1 0/1 20:51 7:07 0:14
Players Stats for Senateurs
Player Name G A P +/- PIM S H SB GA TA FO MP PP MP PK MP
------------------------------------------------------------------------------------
B.J. Crombeen 0 1 1 1 0 2 1 0 1 0 0/2 12:31 3:08 0:00
Brad Richards 2 0 2 2 0 2 1 0 0 1 11/16 20:27 3:08 7:24
Brenden Morrow 0 1 1 1 4 2 2 2 0 0 0/0 16:48 3:08 4:08
Carlo Colaiacovo 0 0 0 0 0 2 0 1 0 0 0/0 20:16 2:39 5:43
Cody Hodgson 1 0 1 0 0 2 0 0 0 0 1/6 10:15 0:00 0:00
Dan Girardi 0 0 0 -3 0 0 0 0 0 0 0/0 8:56 0:00 0:00
Dan Hamhuis 1 0 1 4 0 5 1 3 1 4 0/0 30:48 5:35 8:13
Darcy Hordichuk 1 0 1 1 2 3 2 0 0 1 0/0 8:08 0:00 1:46
George Parros 0 1 1 1 0 1 1 0 0 0 0/0 9:32 0:00 3:08
Gilbert Brule 0 1 1 -2 2 0 0 1 1 2 11/32 20:41 5:06 4:19
Johan Franzen 0 0 0 -1 0 1 1 1 0 0 0/0 16:25 5:06 0:00
Kurtis Foster 0 1 1 4 0 0 2 1 2 0 0/0 30:48 5:35 8:13
Mike Fisher 0 1 1 1 0 4 0 0 0 0 2/4 6:53 0:00 0:37
Milan Hejduk 0 1 1 0 4 1 2 0 0 0 0/1 10:34 0:00 0:00
Ryan Bayda 0 0 0 0 0 0 1 0 0 0 0/0 10:15 0:00 0:00
Thomas Vanek 0 2 2 -1 2 1 2 0 1 0 2/5 23:23 5:06 6:30
Vitaly Vishnevsky 0 1 1 0 0 3 1 0 1 0 0/0 19:54 2:39 5:42
Vladimir Mihalik 0 0 0 -3 2 0 0 0 0 0 0/0 9:22 0:00 0:01
3 Stars
1 - Brad Richards (Ott)
2 - Dan Hamhuis (Ott)
3 - Kurtis Foster (Ott)
Power Play
Coyotes - 0 on 8 Attempt(s) - 0.00%
Senateurs - 1 on 5 Attempt(s) - 20.00%
Penalty Kill
Coyotes - 4 on 5 Attempt(s) - 80.00%
- Score 0 goal in Penalty Kill
Senateurs - 8 on 8 Attempt(s) - 100.00%
- Score 0 goal in Penalty Kill
Team Stat
Coyotes - Hits : 22 - Faceoff Wins : 39 - Blocked Shots : 15 - Penalty Minutes : 10
Senateurs - Hits : 17 - Faceoff Wins : 27 - Blocked Shots : 9 - Penalty Minutes : 16
Official
Referees : Fraser Kerry and Charron Francis
Linesman : Jonny Murray and Jay Sharrers
Game Notes
Brad Richards has scored in a empty net!
Finance
Level 1 -- Attendance: 5753 (95.88%) -- Ticket Income $448,734
Level 2 -- Attendance: 5000 (100.00%) -- Ticket Income $240,000
Level 3 -- Attendance: 2000 (100.00%) -- Ticket Income $56,000
Level 4 -- Attendance: 3644 (91.10%) -- Ticket Income $65,592
Luxury Box -- Attendance: 963 (96.30%) -- Ticket Income $144,450
Game was played at the Place Banque Scotia.
Total Attendance: 17360 (96.44%)
Total Ticket Income: $954,776
Other Income: $143,216
Total Income: $1,097,992
Coyotes
5 vs 5 Forward
Center Left Wing Right Wing Time % Phy DF OF
1 Vincent Lecavalier Zach Parise Marian Gaborik 38 1 1 3
2 Brooks Laich Tyler Ennis Georges Laraque 24 1 2 2
3 Nazem Kadri Ramzi Abid Chris Stewart 24 1 2 2
4 Maxim Talbot Martin Samuelsson Enver Lisin 14 1 2 2
5 vs 5 Defense
Defense Defense Time % Phy DF OF
1 Kristopher Letang Eric Brewer 40 1 2 2
2 Josh Gorges Brent Sopel 34 1 2 2
3 Toni Lydman Anton Stralman 26 1 2 2
4 Kristopher Letang Anton Stralman 0 1 3 1
PowerPlay Forward
Center Left Wing Right Wing Time % Phy DF OF
1 Vincent Lecavalier Zach Parise Marian Gaborik 60 1 0 4
2 Nazem Kadri Tyler Ennis Chris Stewart 40 1 0 4
PowerPlay Defense
Defense Defense Time % Phy DF OF
1 Kristopher Letang Brent Sopel 60 0 2 3
2 Anton Stralman Josh Gorges 40 0 2 3
Penalty Kill 4 Players Forward
Center Wing Time % Phy DF OF
1 Maxim Talbot Martin Samuelsson 55 0 4 1
2 Ramzi Abid Georges Laraque 45 0 4 1
Penalty Kill 4 Players Defense
Defense Defense Time % Phy DF OF
1 Toni Lydman Anton Stralman 60 1 4 0
2 Josh Gorges Eric Brewer 40 1 4 0
Penalty Kill - 3 Players Forward
Forward Time % Phy DF OF
1 Zach Parise 60 0 4 1
2 Ramzi Abid 40 0 4 1
Penalty Kill - 3 Players Defense
Defense Defense Time % Phy DF OF
1 Toni Lydman Anton Stralman 60 1 4 0
2 Eric Brewer Kristopher Letang 40 1 4 0
4 vs 4 Forward
Center Wing Time % Phy DF OF
1 Vincent Lecavalier Marian Gaborik 55 0 2 3
2 Nazem Kadri Zach Parise 45 0 2 3
4 vs 4 Defense
Defense Defense Time % Phy DF OF
1 Kristopher Letang Eric Brewer 60 1 3 1
2 Josh Gorges Anton Stralman 40 1 3 1
Last Minutes Offensive
Center Left Wing Right Wing Defense Defense
Vincent Lecavalier Zach Parise Marian Gaborik Kristopher Letang Eric Brewer
Last Minutes Defensive
Center Left Wing Right Wing Defense Defense
Vincent Lecavalier Zach Parise Georges Laraque Josh Gorges Eric Brewer
Goaltenders
Starting : Adam Munro
Backup : Ryan Miller
Extra Forwards
Normal : Marian Gaborik, Brooks Laich, Enver Lisin - PP : Brooks Laich, Maxim Talbot - PK : Maxim Talbot
Extra Defensemen
Normal : Kristopher Letang, Josh Gorges, Brent Sopel - PP : Anton Stralman - PK : Kristopher Letang, Brent Sopel
Penalty Shots
Tyler Ennis, Vincent Lecavalier, Marian Gaborik, Zach Parise, Chris Stewart
Scratches
None
Senateurs
5 vs 5 Forward
Center Left Wing Right Wing Time % Phy DF OF
1 Gilbert Brule Thomas Vanek Johan Franzen 40 1 2 2
2 Brad Richards Brenden Morrow B.J. Crombeen 30 1 2 2
3 Cody Hodgson Ryan Bayda Milan Hejduk 20 1 2 2
4 Mike Fisher Darcy Hordichuk George Parros 10 1 2 2
5 vs 5 Defense
Defense Defense Time % Phy DF OF
1 Kurtis Foster Dan Hamhuis 40 1 2 2
2 Vitaly Vishnevsky Carlo Colaiacovo 30 1 2 2
3 Dan Girardi Vladimir Mihalik 20 1 2 2
4 Kurtis Foster Dan Hamhuis 10 1 2 2
PowerPlay Forward
Center Left Wing Right Wing Time % Phy DF OF
1 Gilbert Brule Thomas Vanek Johan Franzen 60 0 2 3
2 Brad Richards Brenden Morrow B.J. Crombeen 40 0 2 3
PowerPlay Defense
Defense Defense Time % Phy DF OF
1 Kurtis Foster Dan Hamhuis 60 0 2 3
2 Vitaly Vishnevsky Carlo Colaiacovo 40 0 2 3
Penalty Kill 4 Players Forward
Center Wing Time % Phy DF OF
1 Brad Richards Thomas Vanek 60 0 3 2
2 Gilbert Brule Brenden Morrow 40 0 3 2
Penalty Kill 4 Players Defense
Defense Defense Time % Phy DF OF
1 Kurtis Foster Dan Hamhuis 60 0 3 2
2 Vitaly Vishnevsky Carlo Colaiacovo 40 0 3 2
Penalty Kill - 3 Players Forward
Forward Time % Phy DF OF
1 Thomas Vanek 60 0 3 2
2 Brad Richards 40 0 3 2
Penalty Kill - 3 Players Defense
Defense Defense Time % Phy DF OF
1 Kurtis Foster Dan Hamhuis 60 0 3 2
2 Vitaly Vishnevsky Carlo Colaiacovo 40 0 3 2
4 vs 4 Forward
Center Wing Time % Phy DF OF
1 Gilbert Brule Thomas Vanek 60 1 2 2
2 Brad Richards Johan Franzen 40 1 2 2
4 vs 4 Defense
Defense Defense Time % Phy DF OF
1 Kurtis Foster Dan Hamhuis 60 1 2 2
2 Vitaly Vishnevsky Carlo Colaiacovo 40 1 2 2
Last Minutes Offensive
Center Left Wing Right Wing Defense Defense
Brad Richards Thomas Vanek Johan Franzen Kurtis Foster Dan Hamhuis
Last Minutes Defensive
Center Left Wing Right Wing Defense Defense
Brad Richards Thomas Vanek Johan Franzen Kurtis Foster Dan Hamhuis
Goaltenders
Starting : Ondrej Pavelec
Backup : Maxime Daigneault
Extra Forwards
Normal : Darcy Hordichuk, Milan Hejduk, George Parros - PP : Darcy Hordichuk, Milan Hejduk - PK : George Parros
Extra Defensemen
Normal : Dan Girardi, Vladimir Mihalik, Vitaly Vishnevsky - PP : Dan Girardi - PK : Vladimir Mihalik, Vitaly Vishnevsky
Penalty Shots
Thomas Vanek, Brad Richards, Gilbert Brule, Brenden Morrow, Johan Franzen
Scratches
Brandon Dubinsky (Sports Hernia Injury), Richard Jackman (Healthy)
% Time on Ice - Coyotes
Lines # - Real PCT - Wanted PCT - Time Play
Normal Forward
1 - 36% - 38% - 13:34
2 - 23% - 24% - 8:46
3 - 23% - 24% - 8:43
4 - 18% - 14% - 6:38
Normal Defense
1 - 41% - 40% - 15:35
2 - 32% - 34% - 11:53
3 - 26% - 26% - 9:59
4 - 1% - 0% - 0:14
PP Forward
1 - 55% - 60% - 7:39
2 - 45% - 40% - 6:17
PP Defense
1 - 61% - 60% - 8:34
2 - 39% - 40% - 5:22
PK Forward
1 - 65% - 55% - 5:19
2 - 35% - 45% - 2:55
PK Defense
1 - 56% - 60% - 4:38
2 - 44% - 40% - 3:36
PK3 Forward
1 - 0% - 60%
2 - 0% - 40%
PK3 Defense
1 - 0% - 60%
2 - 0% - 40%
44 Forward
1 - 0% - 55%
2 - 0% - 45%
44 Defense
1 - 0% - 60%
2 - 0% - 40%
Last Minute Offensive - 0:09
Last Minute Defensive - 0:00
Total
Forward - 60:00
Defense - 60:00
|
% Time on Ice - Senateurs
Lines # - Real PCT - Wanted PCT - Time Play
Normal Forward
1 - 31% - 40% - 11:42
2 - 25% - 30% - 9:32
3 - 27% - 20% - 10:15
4 - 17% - 10% - 6:15
Normal Defense
1 - 44% - 40% - 16:34
2 - 31% - 30% - 11:33
3 - 24% - 20% - 8:56
4 - 2% - 10% - 0:41
PP Forward
1 - 62% - 60% - 5:06
2 - 38% - 40% - 3:08
PP Defense
1 - 68% - 60% - 5:35
2 - 32% - 40% - 2:39
PK Forward
1 - 72% - 60% - 10:02
2 - 28% - 40% - 3:54
PK Defense
1 - 59% - 60% - 8:14
2 - 41% - 40% - 5:42
PK3 Forward
1 - 0% - 60%
2 - 0% - 40%
PK3 Defense
1 - 0% - 60%
2 - 0% - 40%
44 Forward
1 - 0% - 60%
2 - 0% - 40%
44 Defense
1 - 0% - 60%
2 - 0% - 40%
Last Minute Offensive - 0:00
Last Minute Defensive - 0:06
Total
Forward - 60:00
Defense - 60:00
|
Play by Play
1st period
0:01 of 1st period - Gilbert Brule wins face-off versus Vincent Lecavalier in neutral zone.
0:26 of 1st period - Georges Laraque is hit by Kurtis Foster and loses puck.
1:00 of 1st period - Slapshot by Nazem Kadri.
1:00 of 1st period - Stopped by Ondrej Pavelec with a rebound.
1:16 of 1st period - Slapshot by Vitaly Vishnevsky.
1:16 of 1st period - Stopped by Adam Munro with a rebound.
1:41 of 1st period - Wrist shot by Zach Parise.
1:41 of 1st period - Shot Misses the Net.
1:50 of 1st period - Icing by Brent Sopel.
1:51 of 1st period - Brooks Laich wins face-off versus B.J. Crombeen in Coyotes zone.
2:04 of 1st period - Backhand shot by Tyler Ennis.
2:04 of 1st period - Stopped by Ondrej Pavelec without a rebound.
2:05 of 1st period - Nazem Kadri wins face-off versus Gilbert Brule in Senateurs zone.
2:08 of 1st period - Slapshot by Nazem Kadri.
2:08 of 1st period - Shot Misses the Net.
2:10 of 1st period - Slapshot by Anton Stralman.
2:10 of 1st period - Shot Misses the Net.
2:12 of 1st period - Slapshot by Toni Lydman.
2:12 of 1st period - Shot Misses the Net.
2:14 of 1st period - Snap shot by Anton Stralman.
2:14 of 1st period - Stopped by Ondrej Pavelec with a rebound.
2:16 of 1st period - Snap shot by Chris Stewart.
2:16 of 1st period - Stopped by Ondrej Pavelec without a rebound.
2:17 of 1st period - Vincent Lecavalier wins face-off versus Milan Hejduk in Senateurs zone.
2:22 of 1st period - Wrist shot by Vincent Lecavalier.
2:22 of 1st period - Shot Blocked by Dan Hamhuis.
2:47 of 1st period - Slapshot by Chris Stewart.
2:47 of 1st period - Shot Blocked by Kurtis Foster.
2:49 of 1st period - Snap shot by Chris Stewart.
2:49 of 1st period - Deflect By Nazem Kadri.
2:49 of 1st period - Stopped by Ondrej Pavelec with a rebound.
2:51 of 1st period - Wrist shot by Ramzi Abid.
2:51 of 1st period - Stopped by Ondrej Pavelec without a rebound.
2:52 of 1st period - Gilbert Brule wins face-off versus Maxim Talbot in Senateurs zone.
3:01 of 1st period - Snap shot by Maxim Talbot.
3:01 of 1st period - Stopped by Ondrej Pavelec with a rebound.
3:03 of 1st period - Slapshot by Kristopher Letang.
3:03 of 1st period - Shot Misses the Net.
3:24 of 1st period - Icing by Kristopher Letang.
3:25 of 1st period - Brad Richards wins face-off versus Enver Lisin in Coyotes zone.
3:53 of 1st period - Off-side.
3:54 of 1st period - Vincent Lecavalier wins face-off versus Gilbert Brule in neutral zone.
4:21 of 1st period - Carlo Colaiacovo is hit by Brooks Laich and loses puck.
4:32 of 1st period - Off-side.
4:33 of 1st period - Mike Fisher wins face-off versus Nazem Kadri in neutral zone.
4:36 of 1st period - Wrist shot by Kurtis Foster.
4:36 of 1st period - Shot Blocked by Ramzi Abid.
4:40 of 1st period - Snap shot by Darcy Hordichuk.
4:40 of 1st period - Shot Blocked by Josh Gorges.
4:47 of 1st period - Icing by Chris Stewart.
4:48 of 1st period - Ramzi Abid wins face-off versus Gilbert Brule in Coyotes zone.
4:59 of 1st period - Wrist shot by Chris Stewart.
4:59 of 1st period - Shot Blocked by Dan Hamhuis.
5:37 of 1st period - Vitaly Vishnevsky is hit by Georges Laraque and loses puck.
5:46 of 1st period - Snap shot by Brooks Laich.
5:46 of 1st period - Shot Blocked by Carlo Colaiacovo.
6:04 of 1st period - Snap shot by Mike Fisher.
6:04 of 1st period - Stopped by Adam Munro with a rebound.
6:24 of 1st period - Snap shot by Nazem Kadri.
6:24 of 1st period - Shot Misses the Net.
6:26 of 1st period - Snap shot by Chris Stewart.
6:26 of 1st period - Stopped by Ondrej Pavelec without a rebound.
6:27 of 1st period - Vincent Lecavalier wins face-off versus B.J. Crombeen in Senateurs zone.
7:10 of 1st period - Minor Penalty to Anton Stralman for Hooking.
7:11 of 1st period - Thomas Vanek wins face-off versus Maxim Talbot in Coyotes zone.
7:12 of 1st period - Snap shot by Gilbert Brule.
7:12 of 1st period - Shot Blocked by Martin Samuelsson.
7:14 of 1st period - Snap shot by Vitaly Vishnevsky.
7:14 of 1st period - Stopped by Adam Munro with a rebound.
7:16 of 1st period - Snap shot by Johan Franzen.
7:16 of 1st period - Shot Misses the Net.
7:18 of 1st period - Slapshot by Carlo Colaiacovo.
7:18 of 1st period - Stopped by Adam Munro without a rebound.
7:19 of 1st period - Maxim Talbot wins face-off versus Gilbert Brule in Coyotes zone.
9:10 of 1st period - Penalty to Anton Stralman is over, Anton Stralman is back on ice.
9:19 of 1st period - Snap shot by Anton Stralman.
9:19 of 1st period - Shot Misses the Net.
9:35 of 1st period - Toni Lydman is hit by Darcy Hordichuk and loses puck.
10:02 of 1st period - Darcy Hordichuk is hit by Brooks Laich.
11:15 of 1st period - Georges Laraque is hit by Milan Hejduk and loses puck.
11:26 of 1st period - Dan Girardi is hit by Eric Brewer and loses puck.
11:39 of 1st period - Zach Parise is hit by Thomas Vanek and loses puck.
12:05 of 1st period - Minor Penalty to Brenden Morrow for Slashing.
12:06 of 1st period - Nazem Kadri wins face-off versus Brad Richards in Senateurs zone.
13:00 of 1st period - Slapshot by Kurtis Foster.
13:00 of 1st period - Shot Misses the Net.
13:02 of 1st period - Slapshot by Dan Hamhuis.
13:02 of 1st period - Stopped by Adam Munro with a rebound.
13:12 of 1st period - Dan Hamhuis is hit by Tyler Ennis and loses puck.
13:40 of 1st period - Josh Gorges is hit by Darcy Hordichuk.
14:05 of 1st period - Penalty to Brenden Morrow is over, Brenden Morrow is back on ice.
14:40 of 1st period - Minor Penalty to Brenden Morrow for Holding.
14:41 of 1st period - Brad Richards wins face-off versus Vincent Lecavalier in Senateurs zone.
15:04 of 1st period - Kurtis Foster is hit by Nazem Kadri and loses puck.
16:11 of 1st period - Gilbert Brule is hit by Vincent Lecavalier and loses puck.
16:40 of 1st period - Penalty to Brenden Morrow is over, Brenden Morrow is back on ice.
16:47 of 1st period - Snap shot by Enver Lisin.
16:47 of 1st period - Stopped by Ondrej Pavelec without a rebound.
16:48 of 1st period - Maxim Talbot wins face-off versus Cody Hodgson in Senateurs zone.
17:52 of 1st period - Snap shot by Vitaly Vishnevsky.
17:52 of 1st period - Deflect By Marian Gaborik.
17:52 of 1st period - Stopped by Adam Munro without a rebound.
17:53 of 1st period - Mike Fisher wins face-off versus Vincent Lecavalier in Coyotes zone.
18:02 of 1st period - Snap shot by Mike Fisher.
18:02 of 1st period - Stopped by Adam Munro with a rebound.
18:04 of 1st period - Snap shot by Mike Fisher.
18:04 of 1st period - Stopped by Adam Munro with a rebound.
18:06 of 1st period - Slapshot by Kurtis Foster.
18:06 of 1st period - Shot Blocked by Brent Sopel.
18:08 of 1st period - Wrist shot by George Parros.
18:08 of 1st period - Stopped by Adam Munro without a rebound.
18:09 of 1st period - Thomas Vanek wins face-off versus Nazem Kadri in Coyotes zone.
18:22 of 1st period - Slapshot by Ramzi Abid.
18:22 of 1st period - Stopped by Ondrej Pavelec without a rebound.
18:23 of 1st period - Vincent Lecavalier wins face-off versus Gilbert Brule in Senateurs zone.
18:24 of 1st period - Snap shot by Marian Gaborik.
18:24 of 1st period - Stopped by Ondrej Pavelec without a rebound.
18:25 of 1st period - Vincent Lecavalier wins face-off versus Thomas Vanek in Senateurs zone.
18:30 of 1st period - Snap shot by Vincent Lecavalier.
18:30 of 1st period - Stopped by Ondrej Pavelec with a rebound.
18:32 of 1st period - Slapshot by Eric Brewer.
18:32 of 1st period - Deflect By Marian Gaborik.
18:32 of 1st period - Stopped by Ondrej Pavelec without a rebound.
18:33 of 1st period - Vincent Lecavalier wins face-off versus Gilbert Brule in Senateurs zone.
18:43 of 1st period - Wrist shot by Zach Parise.
18:43 of 1st period - Shot Blocked by Gilbert Brule.
18:45 of 1st period - Slapshot by Zach Parise.
18:45 of 1st period - Stopped by Ondrej Pavelec without a rebound.
18:46 of 1st period - Gilbert Brule wins face-off versus Vincent Lecavalier in Senateurs zone.
18:46 of 1st period - Gilbert Brule is hit by Marian Gaborik.
18:53 of 1st period - Minor Penalty to Zach Parise for Hooking.
18:54 of 1st period - Maxim Talbot wins face-off versus Gilbert Brule in Coyotes zone.
19:27 of 1st period - Icing by Kurtis Foster.
19:28 of 1st period - Ramzi Abid wins face-off versus Brad Richards in Senateurs zone.
19:41 of 1st period - Slapshot by Dan Hamhuis.
19:41 of 1st period - Shot Blocked by Josh Gorges.
19:43 of 1st period - Snap shot by Brad Richards.
19:43 of 1st period - Shot Blocked by Josh Gorges.
19:45 of 1st period - Slapshot by Dan Hamhuis.
19:45 of 1st period - Stopped by Adam Munro with a rebound.
19:47 of 1st period - Slapshot by Dan Hamhuis.
19:47 of 1st period - Stopped by Adam Munro with a rebound.
19:53 of 1st period - Wrist shot by Brenden Morrow.
19:53 of 1st period - Stopped by Adam Munro without a rebound.
19:54 of 1st period - Ramzi Abid wins face-off versus Gilbert Brule in Coyotes zone.
Goals for this period are 0 for Coyotes vs 0 for Senateurs.
Shots for this period are 14 for Coyotes vs 12 for Senateurs.
2nd period
0:01 of 2nd period - Gilbert Brule wins face-off versus Maxim Talbot in neutral zone.
0:53 of 2nd period - Penalty to Zach Parise is over, Zach Parise is back on ice.
1:31 of 2nd period - Slapshot by Mike Fisher.
1:31 of 2nd period - Stopped by Adam Munro with a rebound.
1:51 of 2nd period - Snap shot by Brenden Morrow.
1:51 of 2nd period - Stopped by Adam Munro with a rebound.
2:10 of 2nd period - Vincent Lecavalier is hit by Milan Hejduk.
2:44 of 2nd period - Brent Sopel is hit by Brenden Morrow and loses puck.
3:13 of 2nd period - Snap shot by Ramzi Abid.
3:13 of 2nd period - Stopped by Ondrej Pavelec without a rebound.
3:14 of 2nd period - Vincent Lecavalier wins face-off versus Gilbert Brule in Senateurs zone.
3:21 of 2nd period - Snap shot by Vincent Lecavalier.
3:21 of 2nd period - Shot Misses the Net.
3:25 of 2nd period - Wrist shot by Zach Parise.
3:25 of 2nd period - Shot Blocked by Johan Franzen.
3:27 of 2nd period - Slapshot by Eric Brewer.
3:27 of 2nd period - Goal by Eric Brewer - Coyotes : 1 - Senateurs : 0.
3:28 of 2nd period - Vincent Lecavalier wins face-off versus Gilbert Brule in neutral zone.
3:53 of 2nd period - Tyler Ennis is hit by Brad Richards and loses puck.
5:42 of 2nd period - Icing by Brad Richards.
5:43 of 2nd period - Brad Richards wins face-off versus Vincent Lecavalier in Senateurs zone.
5:55 of 2nd period - Slapshot by Zach Parise.
5:55 of 2nd period - Shot Blocked by Brenden Morrow.
5:57 of 2nd period - Snap shot by Zach Parise.
5:57 of 2nd period - Shot Blocked by Brenden Morrow.
5:59 of 2nd period - Slapshot by Vincent Lecavalier.
5:59 of 2nd period - Shot Misses the Net.
6:34 of 2nd period - Kristopher Letang is hit by B.J. Crombeen and loses puck.
7:00 of 2nd period - Josh Gorges is hit by Johan Franzen and loses puck.
7:34 of 2nd period - Icing by Vitaly Vishnevsky.
7:35 of 2nd period - Brooks Laich wins face-off versus Cody Hodgson in Senateurs zone.
8:10 of 2nd period - Off-side.
8:11 of 2nd period - Vincent Lecavalier wins face-off versus Gilbert Brule in neutral zone.
8:17 of 2nd period - Minor Penalty to Thomas Vanek for Roughing.
8:18 of 2nd period - Brad Richards wins face-off versus Vincent Lecavalier in Senateurs zone.
8:18 of 2nd period - Brad Richards is hit by Vincent Lecavalier.
8:25 of 2nd period - Slapshot by Brad Richards.
8:25 of 2nd period - Shot Blocked by Kristopher Letang.
8:31 of 2nd period - Wrist shot by Zach Parise.
8:31 of 2nd period - Shot Misses the Net.
8:33 of 2nd period - Wrist shot by Kristopher Letang.
8:33 of 2nd period - Shot Misses the Net.
10:17 of 2nd period - Penalty to Thomas Vanek is over, Thomas Vanek is back on ice.
10:24 of 2nd period - Snap shot by Maxim Talbot.
10:24 of 2nd period - Goal by Maxim Talbot - Coyotes : 2 - Senateurs : 0.
10:25 of 2nd period - Gilbert Brule wins face-off versus Maxim Talbot in neutral zone.
10:34 of 2nd period - Snap shot by Enver Lisin.
10:34 of 2nd period - Deflect By Maxim Talbot.
10:34 of 2nd period - Stopped by Ondrej Pavelec with a rebound.
10:36 of 2nd period - Snap shot by Martin Samuelsson.
10:36 of 2nd period - Stopped by Ondrej Pavelec with a rebound.
10:38 of 2nd period - Slapshot by Anton Stralman.
10:38 of 2nd period - Stopped by Ondrej Pavelec without a rebound.
10:39 of 2nd period - Brad Richards wins face-off versus Vincent Lecavalier in Senateurs zone.
10:44 of 2nd period - Slapshot by B.J. Crombeen.
10:44 of 2nd period - Stopped by Adam Munro without a rebound.
10:45 of 2nd period - Vincent Lecavalier wins face-off versus Brad Richards in Coyotes zone.
11:34 of 2nd period - Wrist shot by Gilbert Brule.
11:34 of 2nd period - Shot Misses the Net.
11:36 of 2nd period - Snap shot by Kurtis Foster.
11:36 of 2nd period - Shot Blocked by Brent Sopel.
11:38 of 2nd period - Wrist shot by Kurtis Foster.
11:38 of 2nd period - Shot Hit the Post.
11:40 of 2nd period - Wrist shot by Gilbert Brule.
11:40 of 2nd period - Shot Blocked by Josh Gorges.
11:42 of 2nd period - Wrist shot by Johan Franzen.
11:42 of 2nd period - Shot Misses the Net.
11:44 of 2nd period - Slapshot by Dan Hamhuis.
11:44 of 2nd period - Shot Misses the Net.
11:46 of 2nd period - Slapshot by Thomas Vanek.
11:46 of 2nd period - Shot Blocked by Brent Sopel.
11:58 of 2nd period - Snap shot by Vincent Lecavalier.
11:58 of 2nd period - Shot Misses the Net.
12:00 of 2nd period - Slapshot by Brent Sopel.
12:00 of 2nd period - Stopped by Ondrej Pavelec without a rebound.
12:01 of 2nd period - Vincent Lecavalier wins face-off versus Cody Hodgson in Senateurs zone.
12:12 of 2nd period - Slapshot by Marian Gaborik.
12:12 of 2nd period - Stopped by Ondrej Pavelec with a rebound.
12:14 of 2nd period - Minor Penalty to Milan Hejduk for Tripping.
12:15 of 2nd period - Brad Richards wins face-off versus Vincent Lecavalier in Senateurs zone.
12:15 of 2nd period - Brad Richards is hit by Vincent Lecavalier.
12:29 of 2nd period - Wrist shot by Zach Parise.
12:29 of 2nd period - Stopped by Ondrej Pavelec with a rebound.
12:41 of 2nd period - Dan Hamhuis is hit by Kristopher Letang and loses puck.
14:14 of 2nd period - Penalty to Milan Hejduk is over, Milan Hejduk is back on ice.
14:27 of 2nd period - Milan Hejduk is hit by Enver Lisin and loses puck.
14:42 of 2nd period - Wrist shot by Darcy Hordichuk.
14:42 of 2nd period - Stopped by Adam Munro without a rebound.
14:43 of 2nd period - Brooks Laich wins face-off versus Mike Fisher in Coyotes zone.
14:43 of 2nd period - Brooks Laich is hit by George Parros.
15:01 of 2nd period - Mike Fisher is hit by Marian Gaborik.
15:19 of 2nd period - Darcy Hordichuk is hit by Zach Parise and loses puck.
15:34 of 2nd period - Snap shot by George Parros.
15:34 of 2nd period - Shot Misses the Net.
15:38 of 2nd period - Snap shot by Darcy Hordichuk.
15:38 of 2nd period - Stopped by Adam Munro with a rebound.
15:40 of 2nd period - Wrist shot by Darcy Hordichuk.
15:40 of 2nd period - Goal by Darcy Hordichuk - Coyotes : 2 - Senateurs : 1.
15:41 of 2nd period - Gilbert Brule wins face-off versus Nazem Kadri in neutral zone.
15:54 of 2nd period - Slapshot by Chris Stewart.
15:54 of 2nd period - Stopped by Ondrej Pavelec without a rebound.
15:55 of 2nd period - Vincent Lecavalier wins face-off versus Gilbert Brule in Senateurs zone.
15:56 of 2nd period - Snap shot by Zach Parise.
15:56 of 2nd period - Stopped by Ondrej Pavelec without a rebound.
15:57 of 2nd period - Vincent Lecavalier wins face-off versus Gilbert Brule in Senateurs zone.
16:06 of 2nd period - Snap shot by Zach Parise.
16:06 of 2nd period - Shot Misses the Net.
16:27 of 2nd period - Chris Stewart is hit by Vitaly Vishnevsky and loses puck.
17:05 of 2nd period - Minor Penalty to Enver Lisin for Holding.
17:06 of 2nd period - Gilbert Brule wins face-off versus Maxim Talbot in Coyotes zone.
17:07 of 2nd period - Snap shot by Johan Franzen.
17:07 of 2nd period - Stopped by Adam Munro with a rebound.
17:09 of 2nd period - Slapshot by Kurtis Foster.
17:09 of 2nd period - Shot Blocked by Martin Samuelsson.
17:11 of 2nd period - Wrist shot by Gilbert Brule.
17:11 of 2nd period - Shot Misses the Net.
17:13 of 2nd period - Wrist shot by Johan Franzen.
17:13 of 2nd period - Shot Misses the Net.
17:15 of 2nd period - Slapshot by Dan Hamhuis.
17:15 of 2nd period - Deflect By Gilbert Brule.
17:15 of 2nd period - Shot Misses the Net.
17:15 of 2nd period - Puck is out of play.
17:16 of 2nd period - Maxim Talbot wins face-off versus Gilbert Brule in Coyotes zone.
17:16 of 2nd period - Maxim Talbot is hit by Thomas Vanek.
18:31 of 2nd period - Thomas Vanek is hit by Georges Laraque and loses puck.
19:05 of 2nd period - Penalty to Enver Lisin is over, Enver Lisin is back on ice.
Goals for this period are 2 for Coyotes vs 1 for Senateurs.
Shots for this period are 11 for Coyotes vs 7 for Senateurs.
3rd period
0:01 of 3rd period - Vincent Lecavalier wins face-off versus Gilbert Brule in neutral zone.
0:01 of 3rd period - Marian Gaborik is hit by Kurtis Foster and loses puck.
0:26 of 3rd period - Brenden Morrow is hit by Kristopher Letang and loses puck.
1:15 of 3rd period - Snap shot by Maxim Talbot.
1:15 of 3rd period - Stopped by Ondrej Pavelec without a rebound.
1:16 of 3rd period - Brad Richards wins face-off versus Vincent Lecavalier in Senateurs zone.
1:41 of 3rd period - Gilbert Brule is hit by Chris Stewart and loses puck.
1:46 of 3rd period - Snap shot by Nazem Kadri.
1:46 of 3rd period - Goal by Nazem Kadri - Coyotes : 3 - Senateurs : 1.
1:47 of 3rd period - Gilbert Brule wins face-off versus Zach Parise in neutral zone.
1:50 of 3rd period - Slapshot by Kurtis Foster.
1:50 of 3rd period - Shot Blocked by Zach Parise.
2:02 of 3rd period - Snap shot by Vincent Lecavalier.
2:02 of 3rd period - Stopped by Ondrej Pavelec with a rebound.
2:46 of 3rd period - Wrist shot by Brad Richards.
2:46 of 3rd period - Goal by Brad Richards - Coyotes : 3 - Senateurs : 2.
2:47 of 3rd period - Brad Richards wins face-off versus Vincent Lecavalier in neutral zone.
3:51 of 3rd period - Minor Penalty to Nazem Kadri for Diving.
3:52 of 3rd period - Maxim Talbot wins face-off versus Gilbert Brule in Coyotes zone.
3:52 of 3rd period - Anton Stralman is hit by Dan Hamhuis and loses puck.
4:07 of 3rd period - Slapshot by Gilbert Brule.
4:07 of 3rd period - Shot Misses the Net.
4:09 of 3rd period - Slapshot by Dan Hamhuis.
4:09 of 3rd period - Goal by Dan Hamhuis - Coyotes : 3 - Senateurs : 3.
4:10 of 3rd period - Vincent Lecavalier wins face-off versus Thomas Vanek in neutral zone.
4:13 of 3rd period - Snap shot by Kristopher Letang.
4:13 of 3rd period - Stopped by Ondrej Pavelec with a rebound.
4:49 of 3rd period - Backhand shot by Dan Hamhuis.
4:49 of 3rd period - Stopped by Adam Munro with a rebound.
5:01 of 3rd period - Slapshot by Kristopher Letang.
5:01 of 3rd period - Deflect By Milan Hejduk.
5:01 of 3rd period - Stopped by Ondrej Pavelec without a rebound.
5:02 of 3rd period - Cody Hodgson wins face-off versus Nazem Kadri in Senateurs zone.
5:19 of 3rd period - Wrist shot by Chris Stewart.
5:19 of 3rd period - Deflect By Nazem Kadri.
5:19 of 3rd period - Shot Misses the Net.
5:19 of 3rd period - Puck is out of play.
5:20 of 3rd period - Marian Gaborik wins face-off versus Gilbert Brule in Senateurs zone.
5:30 of 3rd period - Minor Penalty to Gilbert Brule for Cross-checking.
5:31 of 3rd period - Brad Richards wins face-off versus Vincent Lecavalier in Senateurs zone.
5:57 of 3rd period - Kristopher Letang is hit by Brenden Morrow and loses puck.
6:50 of 3rd period - Mike Fisher is hit by Vincent Lecavalier.
7:00 of 3rd period - George Parros is hit by Tyler Ennis and loses puck.
7:30 of 3rd period - Penalty to Gilbert Brule is over, Gilbert Brule is back on ice.
8:00 of 3rd period - Slapshot by Kristopher Letang.
8:00 of 3rd period - Stopped by Ondrej Pavelec with a rebound.
8:02 of 3rd period - Snap shot by Georges Laraque.
8:02 of 3rd period - Stopped by Ondrej Pavelec without a rebound.
8:03 of 3rd period - Brooks Laich wins face-off versus Cody Hodgson in Senateurs zone.
8:14 of 3rd period - Wrist shot by Carlo Colaiacovo.
8:14 of 3rd period - Stopped by Adam Munro with a rebound.
8:16 of 3rd period - Slapshot by Ryan Bayda.
8:16 of 3rd period - Shot Blocked by Brooks Laich.
8:18 of 3rd period - Snap shot by Cody Hodgson.
8:18 of 3rd period - Stopped by Adam Munro with a rebound.
8:22 of 3rd period - Wrist shot by Milan Hejduk.
8:22 of 3rd period - Stopped by Adam Munro with a rebound.
8:24 of 3rd period - Slapshot by Vitaly Vishnevsky.
8:24 of 3rd period - Shot Misses the Net.
8:26 of 3rd period - Slapshot by Cody Hodgson.
8:26 of 3rd period - Goal by Cody Hodgson - Coyotes : 3 - Senateurs : 4.
8:27 of 3rd period - Vincent Lecavalier wins face-off versus Gilbert Brule in neutral zone.
9:18 of 3rd period - Minor Penalty to Milan Hejduk for Hooking.
9:19 of 3rd period - Brad Richards wins face-off versus Vincent Lecavalier in Senateurs zone.
9:30 of 3rd period - Wrist shot by Vincent Lecavalier.
9:30 of 3rd period - Shot Hit the Post.
9:32 of 3rd period - Snap shot by Zach Parise.
9:32 of 3rd period - Stopped by Ondrej Pavelec without a rebound.
9:33 of 3rd period - Vincent Lecavalier wins face-off versus Thomas Vanek in Senateurs zone.
10:34 of 3rd period - Kurtis Foster is hit by Tyler Ennis.
11:18 of 3rd period - Penalty to Milan Hejduk is over, Milan Hejduk is back on ice.
11:38 of 3rd period - Wrist shot by Thomas Vanek.
11:38 of 3rd period - Stopped by Adam Munro without a rebound.
11:39 of 3rd period - Brooks Laich wins face-off versus Mike Fisher in Coyotes zone.
12:39 of 3rd period - Snap shot by Ramzi Abid.
12:39 of 3rd period - Shot Misses the Net.
13:03 of 3rd period - Slapshot by Brad Richards.
13:03 of 3rd period - Shot Misses the Net.
13:37 of 3rd period - Minor Penalty to Maxim Talbot for Hooking.
13:38 of 3rd period - Gilbert Brule wins face-off versus Nazem Kadri in Coyotes zone.
14:13 of 3rd period - Wrist shot by B.J. Crombeen.
14:13 of 3rd period - Stopped by Adam Munro without a rebound.
14:14 of 3rd period - Gilbert Brule wins face-off versus Ramzi Abid in Coyotes zone.
14:53 of 3rd period - Wrist shot by Ramzi Abid.
14:53 of 3rd period - Deflect By Georges Laraque.
14:53 of 3rd period - Shot Blocked by Dan Hamhuis.
14:53 of 3rd period - Puck is out of play.
14:54 of 3rd period - Gilbert Brule wins face-off versus Georges Laraque in Senateurs zone.
15:05 of 3rd period - Snap shot by Thomas Vanek.
15:05 of 3rd period - Shot Misses the Net.
15:09 of 3rd period - Snap shot by Johan Franzen.
15:09 of 3rd period - Shot Blocked by Anton Stralman.
15:11 of 3rd period - Snap shot by Thomas Vanek.
15:11 of 3rd period - Shot Misses the Net.
15:25 of 3rd period - Slapshot by Carlo Colaiacovo.
15:25 of 3rd period - Shot Misses the Net.
15:37 of 3rd period - Penalty to Maxim Talbot is over, Maxim Talbot is back on ice.
17:07 of 3rd period - Snap shot by Milan Hejduk.
17:07 of 3rd period - Shot Blocked by Toni Lydman.
17:13 of 3rd period - Martin Samuelsson is hit by Ryan Bayda.
17:23 of 3rd period - Minor Penalty to Vladimir Mihalik for Roughing.
17:24 of 3rd period - Brad Richards wins face-off versus Vincent Lecavalier in Senateurs zone.
17:49 of 3rd period - Brad Richards is hit by Tyler Ennis and loses puck.
17:58 of 3rd period - Wrist shot by Tyler Ennis.
17:58 of 3rd period - Stopped by Ondrej Pavelec without a rebound.
17:59 of 3rd period - Vincent Lecavalier wins face-off versus Gilbert Brule in Senateurs zone.
18:00 of 3rd period - Wrist shot by Marian Gaborik.
18:00 of 3rd period - Shot Misses the Net.
18:02 of 3rd period - Slapshot by Josh Gorges.
18:02 of 3rd period - Stopped by Ondrej Pavelec without a rebound.
18:03 of 3rd period - Vincent Lecavalier wins face-off versus Gilbert Brule in Senateurs zone.
18:08 of 3rd period - Slapshot by Vincent Lecavalier.
18:08 of 3rd period - Stopped by Ondrej Pavelec without a rebound.
18:09 of 3rd period - Vincent Lecavalier wins face-off versus Gilbert Brule in Senateurs zone.
18:30 of 3rd period - Dan Hamhuis is hit by Brent Sopel.
18:58 of 3rd period - Coyotes, Adam Munro is pulled from the net.
19:03 of 3rd period - Off-side.
19:04 of 3rd period - Mike Keenan call a timeout for Coyotes.
19:04 of 3rd period - Nazem Kadri wins face-off versus Brad Richards in neutral zone.
19:23 of 3rd period - Penalty to Vladimir Mihalik is over, Vladimir Mihalik is back on ice.
19:33 of 3rd period - Wrist shot by Brad Richards.
19:33 of 3rd period - Goal by Brad Richards - Coyotes : 3 - Senateurs : 5.
19:33 of 3rd period - Adam Munro from Coyotes was sent back in the game.
19:34 of 3rd period - Nazem Kadri wins face-off versus Cody Hodgson in neutral zone.
19:56 of 3rd period - Minor Penalty to Darcy Hordichuk for Roughing.
19:57 of 3rd period - Vincent Lecavalier wins face-off versus Brad Richards in Senateurs zone.
Goals for this period are 1 for Coyotes vs 4 for Senateurs.
Shots for this period are 11 for Coyotes vs 10 for Senateurs.
Back to the Top